 Dungeon Crawl Stone Soup version 0.27.1-34-g3ba077fa99 (webtiles) character file.

Game seed: 14765434799738155645

6 mcbry74 the Poker (level 1, -3/16 HPs)
             Began as a Merfolk Gladiator on Jan 27, 2022.
             Slain by a kobold (6 damage)
             ... on level 1 of the Dungeon.
             The game lasted 00:00:58 (241 turns).

mcbry74 the Poker (Merfolk Gladiator)                Turns: 241, Time: 00:01:00

Health: -3/16      AC:  4    Str: 14    XL:     1   Next: 90%
Magic:  1/1        EV: 13    Int:  7    God:
Gold:   9          SH:  0    Dex: 15    Spells: 0/0 levels left

rFire    . . .     SeeInvis .   a - +0 trident
rCold    . . .     Faith    .   (no shield)
rNeg     . . .     Spirit   .   b - +0 leather armour
rPois    .         Reflect  .   c - +0 helmet
rElec    .         Harm     .   (no cloak)
rCorr    .         Rampage  .   (no gloves)
Will     .....                  (no boots)
Stlth    +.........             (no amulet)
HPRegen  0.05/turn              (no ring)
MPRegen  0.07/turn              (no ring)

@: no status effects
A: (nimble swimmer 2), mertail
a: no special abilities


You were on level 1 of the Dungeon.
You visited 1 branch of the dungeon, and saw 1 of its levels.

You collected 9 gold pieces.

Inventory:

Hand Weapons
 a - a +0 trident (weapon)
Missiles
 d - a throwing net (quivered)
 f - 23 arrows
Armour
 b - a +0 leather armour (worn)
 c - a +0 helmet (worn)
Scrolls
 e - a scroll of enchant armour {unknown}
Potions
 g - a potion of might {unknown}


   Skills:
 - Level 2.1 Fighting
 * Level 4.8 Polearms
 + Level 2.2 Throwing
 - Level 4.0 Dodging


You couldn't memorise any spells.
You didn't know any spells.
Your spell library was empty.

Dungeon Overview and Level Annotations

Branches:
Dungeon (1/15)

Altars:


Innate Abilities, Weirdness & Mutations

((You are quick and stealthy near water. (Stealth+, EV+, Speed+++)))
Your lower body shifts to a powerful aquatic tail in water.


Message History

You hit the kobold.
You kill the kobold!
You hit the giant cockroach.
The giant cockroach is severely wounded.
The giant cockroach misses you.
The giant cockroach bites you but does no damage.
You hit the giant cockroach.
You kill the giant cockroach!
There is an open door here.
Things that are here:
a +0 dagger; a giant cockroach corpse HP restored.
You open the door.
Found a stone staircase leading down.
There is an open door here.
There is a stone staircase leading down here.
Found 10 gold pieces.
A kobold comes into view.
It is wielding a +6 vampiric short sword.
The kobold hits you with a +6 vampiric short sword.
You hit the kobold.
The kobold is moderately wounded.
The kobold hits you but does no damage.
The kobold hits you with a +6 vampiric short sword!
Ouch! That really hurt!
* * * LOW HITPOINT WARNING * * *
The kobold draws strength from your wounds!
There is a stone staircase leading down here.
Throw: 3 throwing nets
Press: ? - help, Q - select action Shift-Dir - straight line, f - kobold
Aim: a kobold, wielding a +6 vampiric short sword (53% to hit)
You throw a throwing net.
The throwing net closely misses the kobold.
There is an open door here.
Throw: 2 throwing nets
Press: ? - help, Q - select action Shift-Dir - straight line, f/p - kobold
Aim: a kobold, wielding a +6 vampiric short sword (53% to hit)
You throw a throwing net.
The throwing net completely misses the kobold.
The kobold hits you with a +6 vampiric short sword.
You die...

########### #.....
#..(......# #.....
#.........# ###.....
#.........###.......
#.........'..>.....(
#.........##########
###.####### #K# #@#
###.# #...#
#...#########
#...........#
#...#######.# #...#
#.# #...# #.########
##### #.##......


You could see a kobold.

Vanquished Creatures
  A ball python (D:1)
  An endoplasm (D:1)
  A giant cockroach (D:1)
  A hobgoblin (D:1)
  A kobold (D:1)
5 creatures vanquished.

Notes
Turn   | Place    | Note
-------+----------+-------------------------------------------
     0 | D:1      | mcbry74 the Merfolk Gladiator began the quest for the Orb.
     0 | D:1      | Reached XP level 1. HP: 16/16 MP: 1/1
   241 | D:1      | Slain by a kobold

Illustrated notes

Levels and vault maps discovered:
D:1:      minmay_arrival_widening_spiral_wide, layout_basic, serial_shops, shop

Action                   || total
-------------------------++-------
Melee: Trident           ||    12
Throw: Throwing net      ||     2
 Stab: Sleeping          ||     1
Armor: Leather armour    ||     3
Dodge: Dodged            ||     5
